 Dungeon Crawl Stone Soup version 0.30.0-29-ga12c61a403 (webtiles) character file.

Game seed: 16682494982070417835

1280 Sabo the Chopper (level 8, -1/61 HPs)
             Began as a Demonspawn Monk on June 25, 2023.
             Was a High Priest of Makhleb.
             Slain by a gnoll sergeant
             ... wielding a +3 spear of venom
              (13 damage)
             ... on level 6 of the Dungeon.
             The game lasted 00:24:03 (5049 turns).

Sabo the Chopper (Demonspawn Monk)                  Turns: 5049, Time: 00:24:03

Health: -1/61      AC: 11    Str: 14    XL:     8   Next: 29%
Magic:  8/8        EV: 16    Int: 12    God:    Makhleb [*****.]
Gold:   440        SH:  0    Dex: 21    Spells: 7/7 levels left

rFire   . . .        B - +2 war axe
rCold   . . .        d - orb {light}
rNeg    . . .        r - +0 chain mail
rPois   .            (no helmet)
rElec   .            (no cloak)
rCorr   .            F - +0 pair of gloves
SInv    .            e - +0 pair of boots
Will    .....        (no amulet) Stlth
                     h - +6 ring of dexterity
HPRegen 1.30/turn    y - +5 ring of evasion
MPRegen 0.11/turn

%: no passive effects
@: confused, lethally poisoned (-1 -> -2), glowing
A: repulsion field 1, powered by death 2, demonic touch 1
a: Renounce Religion, Minor Destruction, Lesser Servant of Makhleb, Major
Destruction, Greater Servant of Makhleb


You were on level 6 of the Dungeon.
You worshipped Makhleb.
Makhleb was extremely pleased with you.
You visited 1 branch of the dungeon, and saw 6 of its levels.

You collected 440 gold pieces.

Inventory:

Hand Weapons
 p - a +0 sling
 B - a +2 war axe (weapon)
 H - a +0 short sword of electrocution
Missiles
 k - 4 javelins (quivered)
 o - 2 atropa-tipped darts
 A - 16 poisoned darts
Armour
 d - an orb of light (worn)
 e - a +0 pair of boots (worn)
 r - a +0 chain mail (worn)
 F - a +0 pair of gloves (worn)
Jewellery
 h - a +6 ring of dexterity (left hand)
 j - a ring of protection from cold
 m - a +5 ring of evasion
 n - a ring of resist corrosion
 y - a +5 ring of evasion (right hand)
Wands
 g - a wand of paralysis (9)
 G - a wand of digging (6)
Scrolls
 a - a scroll of magic mapping {unknown}
 b - 2 scrolls of teleportation
 s - a scroll of amnesia {unknown}
 t - a scroll of brand weapon {unknown}
 w - a scroll of fear
 z - a scroll of fog {unknown}
 E - a scroll of poison
 I - a scroll of immolation {unknown}
Potions
 c - a potion of ambrosia
 f - 5 potions of curing {unknown}
 i - 4 potions of flight
 l - a potion of mutation {unknown}
 q - a potion of might {unknown}
 u - a potion of invisibility {unknown}
 v - 2 potions of attraction {unknown}
 x - 2 potions of resistance {unknown}
 C - a potion of lignification {unknown}
 D - a potion of cancellation {unknown}


   Skills:
 + Level 4.5 Fighting
 + Level 7.3 Axes
 + Level 4.0 Armour
 + Level 3.9 Dodging
 + Level 0.8 Stealth


You had 7 spell levels left.
You didn't know any spells.
Your spell library contained the following spells:

 Spells                   Type           Power      Damage    Failure   Level
 Blink                    Tloc           0%         N/A       100%        2
 Lesser Beckoning         Tloc           0%         N/A       100%        2
 Momentum Strike          Conj/Tloc      0%         3d8       100%        2
 Portal Projectile        Hex/Tloc       0%         N/A       100%        3
 Tukima's Dance           Hex            0%         N/A       100%        3
 Blade Hands              Tmut           0%         N/A       100%        5


Dungeon Overview and Level Annotations

Branches:
Dungeon (6/15)             Temple (0/1) D:5

Altars:
Cheibriados
Gozag
Makhleb
Uskayaw
Wu Jian

Annotations:
D:6 Grinder


Innate Abilities, Weirdness & Mutations

You are surrounded by a mild repulsion field. (EV +2)
You regenerate health from kills.
Your touch may inflict minor irresistible damage on your foes.


Message History

Grinder closely misses you.
Sigmund hits you with a +1 scythe of venom.
You slash Sigmund!
Sigmund is almost dead.
You hit Grinder but do no damage. You hit the gnoll sergeant.
You feel very sick. Grinder hits you but does no damage.
The gnoll sergeant hits you but does no damage.
You are more poisoned.
You hit Sigmund.
Sigmund is almost dead.
You hit the gnoll sergeant. You hit Grinder.
You feel very sick. Sigmund casts a spell at you.
You are confused.
The gnoll sergeant closely misses you. Grinder barely misses you.
You barely miss Grinder.
Grinder is lightly wounded.
You hit Sigmund but do no damage. You hit the gnoll sergeant.
You feel very sick. Sigmund barely misses you. Grinder misses you.
The gnoll sergeant closely misses you.
You slash Sigmund!
You kill Sigmund!
Makhleb accepts your kill.
You hit the gnoll sergeant. You hit Grinder.
You feel very sick.
The gnoll sergeant hits you with a +3 spear of venom.
* * * LOW HITPOINT WARNING * * *
Grinder hits you but does no damage.
Your Armour skill increases to level 4!
You closely miss the steam dragon. You barely miss Grinder.
You hit the gnoll sergeant.
You feel sick. The steam dragon closely misses you. The steam dragon claws you.
* * * LOW HITPOINT WARNING * * *
The gnoll sergeant barely misses you. Grinder hits you but does no damage.
You bump into the rock wall.
You feel sick. The steam dragon misses you.
The steam dragon closely misses you. Grinder hits you but does no damage.
The gnoll sergeant hits you with a +3 spear of venom!
You die... ########### .........# ........# gh....

###Dg# #
#.5@# ###
#)### #.. #.#
#####.# ##.#
#.....# #..#
#######.#####
##.##
####...<...#
#..#
#....#######
#.## #.####
##.#####.#


You could see Grinder, a steam dragon, a black bear, a gnoll sergeant and a
gnoll.

Vanquished Creatures
  Sigmund (D:6)
  Duvessa (D:5)
  2 centaurs (D:5)
  A phantom (D:5)
  2 scorpions
  Dowan (D:5)
  2 howler monkeys (D:5)
  4 hounds
  Jessica (D:3)
  A gnoll bouda (D:4)
  Terence (D:2)
  An iguana (D:3)
  2 sleepcaps
  An orc wizard (D:5)
  7 gnolls
  8 adders
  2 worms
  5 dart slugs
  3 orcs (D:5)
  7 endoplasms
  5 giant cockroaches
  15 goblins
  6 hobgoblins
  7 jackals
  6 quokkas
  2 ball pythons
  10 bats
  7 frilled lizards
  7 kobolds
  6 rats
124 creatures vanquished.

Notes
Turn   | Place    | Note
-------+----------+-------------------------------------------
     0 | D:1      | Sabo the Demonspawn Monk began the quest for the Orb.
     0 | D:1      | Reached XP level 1. HP: 18/18 MP: 1/1
   141 | D:1      | Gained mutation: Your touch may inflict minor irresistible
                  | damage on your foes. [demonic ancestry]
   141 | D:1      | Reached XP level 2. HP: 24/24 MP: 2/2
   232 | D:1      | Found a faded altar of an unknown god.
   236 | D:1      | Prayed at the altar of an unknown god.
   236 | D:1      | Became a worshipper of Makhleb the Destroyer
   236 | D:1      | Reached * piety under Makhleb
   236 | D:1      | Reached ** piety under Makhleb
   285 | D:1      | Reached skill level 3 in Axes
   776 | D:1      | Reached *** piety under Makhleb
   777 | D:1      | Reached XP level 3. HP: 29/29 MP: 3/3
  1072 | D:2      | Reached skill level 1 in Armour
  1580 | D:2      | Gained mutation: You regenerate a little health from kills.
                  | [demonic ancestry]
  1580 | D:2      | Reached XP level 4. HP: 35/35 MP: 4/4
  1876 | D:2      | Noticed Terence
  1885 | D:2      | Reached **** piety under Makhleb
  1888 | D:2      | Killed Terence
  2272 | D:3      | Gained mutation: You are surrounded by a mild repulsion
                  | field. (EV +2) [demonic ancestry]
  2272 | D:3      | Reached XP level 5. HP: 40/42 MP: 5/5
  2310 | D:3      | Reached skill level 4 in Axes
  2315 | D:3      | Noticed Jessica
  2327 | D:3      | Killed Jessica
  3455 | D:4      | Gained mutation: You regenerate health from kills. [demonic
                  | ancestry]
  3455 | D:4      | Reached XP level 6. HP: 39/48 MP: 6/6
  3530 | D:4      | Found a snail-covered altar of Cheibriados.
  3832 | D:4      | Found an ornate altar of the Wu Jian Council.
  3832 | D:4      | Found an opulent altar of Gozag.
  3832 | D:4      | Found a hide-covered altar of Uskayaw.
  4081 | D:5      | Entered Level 5 of the Dungeon
  4114 | D:5      | Reached skill level 5 in Axes
  4155 | D:5      | Reached XP level 7. HP: 53/53 MP: 7/7
  4282 | D:5      | Reached skill level 6 in Axes
  4397 | D:5      | Reached ***** piety under Makhleb
  4400 | D:5      | Found a staircase to the Ecumenical Temple.
  4459 | D:5      | Noticed Dowan
  4460 | D:5      | Noticed Duvessa
  4468 | D:5      | Killed Dowan
  4477 | D:5      | Killed Duvessa
  4478 | D:5      | Reached XP level 8. HP: 11/61 MP: 8/8
  4621 | D:5      | Reached skill level 7 in Axes
  5035 | D:6      | Noticed Sigmund
  5039 | D:6      | Noticed Grinder
  5047 | D:6      | Killed Sigmund
  5049 | D:6      | Slain by a gnoll sergeant

Illustrated notes

Levels and vault maps discovered:
D:1:      scummos_arrival_checkerplants, layout_loops_ring,
          nicolae_ecumenical_lake_church
D:2:      minmay_angry_zag, layout_loops_ring, solitary_fountain,
          minmay_goblin_outpost, uniq_terence
D:3:      layout_basic, kennysheep_jessica_study
D:4:      layout_rooms, tso_oasis_becter, gammafunk_temple_overflow_claw,
          chei_slow_surprise, minivault_1
D:5:      layout_rooms, minmay_temple_entry_grid,
          chequers_serial_rivers_large_a, uniq_duvessa
D:6:      layout_rooms, dreamdust_wishing_well, kennysheep_generic_room_15,
          uniq_sigmund, uniq_grinder

Skill      XL: |  1  2  3  4  5  6  7  8 |
---------------+-------------------------+-----
Axes           | 3 4 5 6 7 |  7.3
Dodging        | 3 |  3.9
Armour         | 1 2 3 4 |  4.0
Fighting       | 4 |  4.5
Stealth        | |  0.8

Action                     |  1- 3 |  4- 6 |  7- 9 || total
---------------------------+-------+-------+-------++-------
  Melee: Hand axe          |   128 |   151 |       ||   279
         War axe           |       |    53 |    81 ||   134
    Use: Scroll            |     1 |     4 |     2 ||     7
 Armour: Ring mail         |    44 |    21 |       ||    65
         Scale mail        |       |    12 |       ||    12
         Chain mail        |       |    63 |    35 ||    98
  Dodge: Dodged            |    95 |   180 |    85 ||   360
